 Dungeon Crawl Stone Soup version 0.17-a0-1719-g1afd5a1 (webtiles) character file.

324 karlkraus the Shield-Bearer (level 6, -5/53 HPs)
             Began as a Minotaur Fighter on Aug 25, 2015.
             Killed from afar by Dowan (13 damage)
             ... with a stone arrow
             ... on level 4 of the Dungeon on Aug 28, 2015.
             The game lasted 00:04:35 (1647 turns).

karlkraus the Shield-Bearer (Minotaur Fighter)      Turns: 1647, Time: 00:04:36

Health: -5/53      AC:  7    Str: 26    XL:     6   Next: 23%
Magic:  5/5        EV:  9    Int:  5    God:
Gold:   165        SH: 11    Dex: 13    Spells: 0 memorised, 5 levels left

rFire  + . .     SeeInvis .     a - +0 flail
rCold  . . .     Clarity  .     b - +0 scale mail
rNeg   . . .     SustAt   .     c - +0 shield
rPois  .         Gourm    .     (helmet restricted)
rElec  .         Spirit   .     (no cloak)
rCorr  .         Warding  .     (no gloves)
rMut   .         Stasis   .     (no boots)
MR     .....                    (no amulet)
Stlth  ..........               w - +2 ring of dexterity
                                u - ring of protection from fire

@: mighty, lethally poisoned (-5 -> -8), not resistant to hostile enchantments,
extremely unstealthy
A: retaliatory headbutt, horns 2
a: no special abilities


You were on level 4 of the Dungeon.
You were hungry.

You visited 1 branch of the dungeon, and saw 4 of its levels.

You collected 165 gold pieces.

Inventory:

Hand weapons
 a - a +0 flail (weapon)
Armour
 b - a +0 scale mail (worn)
 c - a +0 shield (worn)
Jewellery
 u - a ring of protection from fire (left hand)
 w - a +2 ring of dexterity (right hand)
Scrolls
 g - 7 scrolls of identify {unknown}
 h - 3 scrolls of remove curse {unknown}
 j - 6 scrolls of teleportation {unknown}
 k - 2 scrolls of enchant weapon {unknown}
 l - 2 scrolls of recharging {unknown}
 p - a scroll of magic mapping {unknown}
 r - 2 scrolls of blinking {unknown}
Potions
 d - a potion of might
 f - 2 potions of ambrosia {unknown}
 m - a potion of curing {unknown}
 n - 2 potions of magic {unknown}
 o - a potion of flight {unknown}
 q - a potion of cancellation {unknown}
 t - a potion of poison {unknown}
 v - a potion of degeneration {unknown}
 x - 2 potions of lignification {unknown}
 A - a potion of resistance {unknown}
Comestibles
 e - a bread ration
 i - a slice of pizza
 s - a beef jerky
 z - a meat ration


   Skills:
 + Level 4.7 Fighting
 + Level 3.7 Maces & Flails
 + Level 4.8 Armour
 + Level 2.9 Dodging
 + Level 0.1 Stealth
 + Level 5.5 Shields


You had 5 spell levels left.
You didn't know any spells.

Dungeon Overview and Level Annotations

Branches:
Dungeon (4/15)
 Temple: D:4-7

Altars:
Ashenzari
Dithmenos
Okawaru
Qazlal

Annotations:
D:4 Dowan


Innate Abilities, Weirdness & Mutations

You reflexively headbutt those who attack you in melee.
You have a pair of horns on your head.


Message History

The shard of ice hits you!
* * * LOW HITPOINT WARNING * * *
Drink which item? (? for menu, Esc to quit)
You feel very mighty all of a sudden. You block Dowan's attack.
You are too injured to fight recklessly!
You are too injured to fight recklessly!
You are too injured to fight recklessly!
Dowan hits you but does no damage.
You are poisoned.
Your shield prevents you from hitting Dowan.
You headbutt Dowan!
Dowan is heavily wounded.
You feel sick. You block Dowan's attack.
Dowan casts a spell.
Dowan blinks!
You feel sick. Dowan casts a spell at you. The stone arrow hits you!
You die...

...e..).# #.# #.# #.#
#. #.# #.# #.# #.# #.#
#####.#### #.#
.........####@## #
#...........#
#.#####..#...##e.#####
.....#..............#
#..#......##..###.#
#(.....#.###..# #.#
#.............# #.#
#.†#.#.#.###.## #.#
####..#.#.#.###(## #.#


You could see Dowan.

Vanquished Creatures
  Duvessa (D:4)
  A phantom (D:4)
  An iguana (D:4)
  5 adders
  2 oozes (D:3)
  4 worms
  4 giant geckos
  An orc (D:3)
  A ball python (D:2)
  A giant cockroach (D:1)
  5 hobgoblins
  7 kobolds
  3 quokkas
  5 bats (D:2)
  A giant gecko skeleton (D:4)
  3 giant newts
  4 goblins
  5 jackals (D:2)
  9 rats
63 creatures vanquished.

Notes
Turn   | Place    | Note
--------------------------------------------------------------
     0 | D:1      | karlkraus the Minotaur Fighter began the quest for the Orb.
     0 | D:1      | Reached XP level 1. HP: 19/19 MP: 0/0
   234 | D:1      | Reached XP level 2. HP: 27/27 MP: 1/1
   435 | D:2      | Reached skill level 4 in Shields
   442 | D:2      | Found an iron altar of Okawaru.
   450 | D:2      | Found a shattered altar of Ashenzari.
   457 | D:2      | Found a stormy altar of Qazlal.
   474 | D:2      | Found a shadowy altar of Dithmenos.
   590 | D:2      | Reached XP level 3. HP: 26/33 MP: 2/2
  1103 | D:3      | Reached XP level 4. HP: 40/40 MP: 3/3
  1159 | D:3      | Reached skill level 1 in Dodging
  1526 | D:4      | Noticed a phantom
  1530 | D:3      | Upgraded the game from 0.17-a0-1718-g72dbe4d to 0.17-a0-1719-g1afd5a1
  1546 | D:4      | Reached XP level 5. HP: 25/47 MP: 4/4
  1555 | D:4      | Killed a phantom
  1555 | D:4      | Reached skill level 5 in Shields
  1618 | D:4      | Noticed Duvessa
  1634 | D:4      | Killed Duvessa
  1634 | D:4      | Reached XP level 6. HP: 22/53 MP: 5/5
  1635 | D:4      | Noticed Dowan
  1647 | D:4      | Killed from afar by Dowan

Vault maps used:
D:1:      co_arrival_square_in_a_square_in_a_square, hangedman_decor_opposing
D:2:      grunt_temple_overflow_cloverleaf
D:3:      hangedman_decor_push
D:4:      nicolae_overflow_hidden_temple, first_bread, uniq_edmund, uniq_duvessa

Action                   |  1- 3 |  4- 6 || total
-------------------------+-------+-------++-------
Melee: Flail             |    81 |    85 ||   166
  Use: Potion            |       |     1 ||     1
  Eat: Chunk             |     1 |     1 ||     2
